 Dungeon Crawl Stone Soup version 0.26-a0-652-gafc20e3620 (webtiles) character file.

Game seed: 9491258631518171696

791 smeego the Slasher (level 7, -1/72 HPs)
             Began as an Octopode Fighter on Oct 3, 2020.
             Slain by an orc warrior
             ... wielding a +0 battleaxe
              (10 damage)
             ... on level 6 of the Dungeon.
             The game lasted 00:05:50 (5472 turns).

smeego the Slasher (Octopode Fighter)               Turns: 5472, Time: 00:05:51

Health: -1/72      AC: 23    Str: 19    XL:     7   Next: 88%
Magic:  6/6        EV:  2    Int: 18    God:
Gold:   290        SH:  9    Dex: 15    Spells: 6/6 levels left

rFire    . . .     SeeInvis .   w - +0 long sword "Miniovvu" {pain, +Rage Str+4 Int+5 Dex-2}
rCold    . . .     Faith    .   b - +0 kite shield
rNeg     + + +     Spirit   .   (helmet currently unavailable)
rPois    +         Reflect  .   (no amulet)
rElec    .         Harm     .   i - +6 ring of dexterity
rCorr    .         Rampage  .   (no ring)
MR       .....     NoTele   +   (no ring)
Stlth    ++........             (no ring)
HPRegen  0.22/turn              (no ring)
MPRegen  0.10/turn              (no ring)
                                (no ring)
                                (no ring)

@: mighty, tree-form, stab
A: almost no armour, stealthy swim, (amphibious), 8 rings, (constrict 8), low mp
1
a: Evoke Berserk Rage


You were on level 6 of the Dungeon.
You were a tree.
You visited 1 branch of the dungeon, and saw 6 of its levels.

You collected 290 gold pieces.

Inventory:

Hand Weapons
 a - a +0 long sword
 q - a +0 dagger
 w - the +0 long sword "Miniovvu" (weapon) {pain, +Rage Str+4 Int+5 Dex-2}
   (You found it on level 5 of the Dungeon)

   In the hands of one skilled in necromantic magic, it inflicts extra damage on
   living creatures.
   It affects your strength (+4).
   It affects your intelligence (+5).
   It affects your dexterity (-2).
   It lets you go berserk.
 x - a +0 fustibalus
Missiles
 j - a throwing net
 m - 14 poisoned darts (quivered)
 p - 10 boomerangs
 y - 15 sling bullets
Armour
 b - a +0 kite shield (worn)
Jewellery
 i - a +6 ring of dexterity (left branch)
Wands
 o - a wand of disintegration (15)
 t - a wand of enslavement (10)
Scrolls
 e - 2 scrolls of noise
 n - a scroll of remove curse
 v - a scroll of magic mapping {unknown}
Potions
 d - a potion of invisibility
 k - 3 potions of curing
 l - a potion of degeneration
 s - a potion of lignification
 u - a potion of brilliance {unknown}


   Skills:
 + Level 4.1 Fighting
 * Level 4.5 Long Blades
 + Level 2.4 Throwing
 + Level 4.2 Dodging
 + Level 3.6 Stealth
 + Level 4.1 Shields
 + Level 2.6 Unarmed Combat
 + Level 2.2 Evocations


You had 6 spell levels left.
You didn't know any spells.
Your spell library was empty.

Dungeon Overview and Level Annotations

Branches:
Dungeon (6/15)
 Temple: D:4-7

Altars:
Hepliaklqana
Qazlal
Trog
Vehumet
Zin


Innate Abilities, Weirdness & Mutations

You cannot wear most types of armour.
You are very stealthy in the water. (Stealth+)
((You are amphibious.))
You can wear up to eight rings at the same time.
((You can use your tentacles to constrict eight enemies at once.))
((Your skin changes colour to match your surroundings (Stealth+).))
((Your rubbery body absorbs attacks. (AC +1, EV +1)))
((You are partially covered in slimy green scales. (AC +2)))
((Your flesh is cold resistant. (rC+)))
Your magical capacity is low. (-10% MP)


Message History

* * * LOW HITPOINT WARNING * * *
The orc hits you but does no damage. You block the orc priest's attack.
You completely miss the orc warrior.
The orc warrior hits you but does no damage.
The orc hits you but does no damage. The orc priest barely misses you.
The orc warrior barely misses you. The orc hits you with a +0 club.
* * * LOW HITPOINT WARNING * * *
Unknown command.
You feel better.
The orc warrior hits you but does no damage.
The orc priest hits you but does no damage.
You slash the orc warrior!
The orc warrior is moderately wounded.
The orc priest looks more healthy.
The orc warrior hits you with a +0 battleaxe.
* * * LOW HITPOINT WARNING * * *
The orc hits you but does no damage.
The orc priest looks braver for a moment.
The orc warrior hits you with a +0 battleaxe!
You die...

#......##
##
#.(....#
#......#
#...(..#
#...(..#
#(.....#
#......#
#..oo..#
#...♣o.#
#...)..#
#...)..+
##.....#
#.....#
#.....#
###.....
###.###
.#


You could see an orc warrior (fast), an orc priest and an orc.

Vanquished Creatures
  A sky beast (D:5)
  An orc warrior (D:6)
  A bullfrog (D:3)
  A howler monkey (D:5)
  A centaur zombie (D:6)
  2 centaur skeletons
  3 orc priests
  A hound (D:5)
  2 worker ants
  Natasha (thrice) (D:2)
  2 orc wizards
  2 hound skeletons
  An adder (D:6)
  An ufetubus (D:5)
  An ooze (D:1)
  2 worms
  3 dart slugs
  2 leopard geckos
  10 orcs
  4 bats
  3 giant cockroaches
  3 goblins
  3 hobgoblins
  4 jackals (D:5)
  4 quokkas
  A ball python (D:2)
  2 frilled lizards
  6 kobolds
  10 rats
80 creatures vanquished.

Vanquished Creatures (others)
  2 plants (D:5)
2 creatures vanquished.

Grand Total: 82 creatures vanquished

Notes
Turn   | Place    | Note
-------+----------+-------------------------------------------
     0 | D:1      | smeego the Octopode Fighter began the quest for the Orb.
     0 | D:1      | Reached XP level 1. HP: 16/16 MP: 1/1
   330 | D:1      | Reached XP level 2. HP: 12/21 MP: 2/2
   883 | D:2      | Noticed Natasha
   887 | D:2      | Killed Natasha
   887 | D:2      | Reached skill level 1 in Stealth
   887 | D:2      | Reached XP level 3. HP: 21/26 MP: 3/3
  1011 | D:2      | Noticed Natasha
  1016 | D:2      | Killed Natasha
  1016 | D:2      | Reached skill level 1 in Throwing
  1016 | D:2      | Reached skill level 1 in Unarmed Combat
  1016 | D:2      | Reached XP level 4. HP: 24/31 MP: 4/4
  1397 | D:2      | Noticed Natasha
  1404 | D:2      | Killed Natasha
  1713 | D:2      | Reached XP level 5. HP: 36/36 MP: 5/5
  1904 | D:3      | Found a bloodstained altar of Trog.
  2289 | D:3      | Reached skill level 1 in Evocations
  2289 | D:3      | Reached XP level 6. HP: 31/42 MP: 6/6
  3998 | D:5      | Entered Level 5 of the Dungeon
  4104 | D:5      | Found a stormy altar of Qazlal.
  4104 | D:5      | Found a glowing silver altar of Zin.
  4153 | D:5      | Reached XP level 7. HP: 20/47 MP: 7/7
  4386 | D:5      | Got a crystal long sword
  4387 | D:5      | Identified the cursed +0 long sword "Miniovvu" {pain, +Rage
                  | Str+4 Int+5 Dex-2} (You found it on level 5 of the Dungeon)
  4596 | D:5      | Found a radiant altar of Vehumet.
  4900 | D:5      | Found a hazy altar of Hepliaklqana.
  5465 | D:6      | Gained mutation: Your magical capacity is low. (-10% MP)
                  | [potion of mutation]
  5465 | D:6      | Gained mutation: You are partially covered in slimy green
                  | scales. (AC +2) [potion of mutation]
  5465 | D:6      | Gained mutation: Your flesh is cold resistant. (rC+)
                  | [potion of mutation]
  5465 | D:6      | HP: 3/72 [orc warrior/+0 battleaxe (4)]
  5470 | D:6      | HP: 2/72 [orc/+0 club (2)]
  5472 | D:6      | Slain by an orc warrior

Illustrated notes

Levels and vault maps discovered:
D:1:      sevenhm_arrival_forest_fort_small_6, layout_basic
D:2:      wander_river, layout_loops_ring, nrook_loot_triangle, uniq_natasha
D:3:      layout_loops_ring, old_standard_altar
D:4:      layout_basic
D:5:      layout_basic, kennysheep_little_box, kennysheep_mini_moat,
          chequers_temple_overflow_statue_of_worship, serial_bayou_pond_a,
          kennysheep_donut
D:6:      layout_basic, nicolae_overflow_hidden_temple, old_standard_altar,
          temple_pool_b, nicolae_ru_great_annihilating_truth

Skill      XL: |  1  2  3  4  5  6  7 |
---------------+----------------------+-----
Stealth        | 1 2 3 |  3.6
Throwing       | 1 2 |  2.4
Unarmed Combat | 1 2 |  2.6
Long Blades    | 3 4 |  4.5
Evocations     | 1 2 |  2.2
Dodging        | 4 |  4.2
Fighting       | 4 |  4.1
Shields        | 4 |  4.1

Action                   |  1- 3 |  4- 6 |  7- 9 || total
-------------------------+-------+-------+-------++-------
Melee: Long sword        |    23 |    89 |    45 ||   157
       Constrict         |     9 |    30 |    10 ||    49
       Tentacles         |     6 |    30 |    14 ||    50
       Punch             |       |     3 |       ||     3
Throw: Dart              |       |     9 |     5 ||    14
  Use: Scroll            |       |     6 |     6 ||    12
       Potion            |       |       |     8 ||     8
 Stab: Sleeping          |     5 |    10 |     2 ||    17
Armor: Skin              |     1 |     3 |    10 ||    14
Dodge: Dodged            |     4 |    30 |    20 ||    54
Block: Kite shield       |     8 |    32 |    24 ||    64
       Rpst.: Long sword |     2 |    12 |     6 ||    20

Table legend: (Time is in decaauts)
 A = Elapsed time spent in this place.
 B = Non-inter-level travel time spent in this place.
 C = Inter-level travel time spent in this place.
 D = Time resting spent in this place.
 E = Time spent auto-exploring this place.
 F = Levels seen in this place.
 G = Mean time per level.
                   A        B        C        D        E       F      G
               +--------+--------+--------+--------+--------+-----+--------+
         Total |   5518 |   5174 |    344 |    567 |   3960 |   6 |  919.7 |
       Dungeon |   5518 |   5174 |    344 |    567 |   3960 |   6 |  919.7 |
               +--------+--------+--------+--------+--------+-----+--------+

Top non-repeatable levels by time:
     D:4: 1494 daAuts
     D:5: 1240 daAuts
     D:2: 898 daAuts
     D:3: 836 daAuts
     D:1: 801 daAuts
     D:6: 247 daAuts
